 Dungeon Crawl Stone Soup version 0.14.0-24-gfb45beb (webtiles) character file.

728 Heini the Covered (level 7, 0/61 HPs)
             Began as a Minotaur Fighter on Apr 22, 2014.
             Killed from afar by an orc wizard (7 damage)
             ... with a puff of flame
             ... on Level 5 of the Dungeon.
             The game lasted 00:10:47 (3355 turns).

Heini the Covered (Minotaur Fighter)                Turns: 3355, Time: 00:10:47

HP   0/61        AC  9     Str 22      XL: 7   Next:  0%
MP   3/3         EV  7     Int  5      God:
Gold 211         SH  0     Dex 10      Spells:  0 memorised,  6 levels left

rFire  . . .     SeeInvis .     a - +0,+1 flail
rCold  . . .     Clarity  .     b - +0 scale mail
rNeg   . . .     Conserve .     c - +0 shield
rPois  .         rCorr    +     (helmet restricted)
rElec  .         rRot     .     (no cloak)
SustAb . .       Spirit   .     v - +0 pair of gloves
rMut   .         Warding  .     (no boots)
Saprov . . .     Stasis   .     n - amulet of resist corrosion
MR     .....                    (no ring)
                                (no ring)

@: confused, not resistant to hostile enchantments, extremely unstealthy
A: retaliatory headbutt, horns 2
a: no special abilities


You were on level 5 of the Dungeon.
You were not hungry.

You visited 1 branch of the dungeon, and saw 5 of its levels.

You collected 211 gold pieces.

Inventory:

Hand weapons
 a - a +0,+1 flail (weapon)
 y - a +0,+0 flail
Missiles
 q - 27 stones (quivered)
Armour
 b - a +0 scale mail (worn)
 c - a +0 shield (worn)
 v - a +0 pair of gloves (worn)
Comestibles
 d - 2 bread rations
 k - 3 meat rations
 r - a pear
 u - 4 rotting chunks of centaur flesh
 A - a chunk of hound flesh
 B - a choko
Scrolls
 f - a scroll of enchant weapon II
 h - a scroll of amnesia {unknown}
 l - a scroll of fear {unknown}
 s - 4 scrolls of blinking {unknown}
 w - 3 scrolls of magic mapping {unknown}
 x - a scroll of recharging {unknown}
 C - a scroll of enchant weapon I {unknown}
Jewellery
 n - an amulet of resist corrosion (around neck)
Potions
 e - a potion of might
 g - 3 potions of heal wounds
 i - 2 potions of agility
 j - 2 potions of restore abilities
 m - 2 potions of curing
 o - a potion of cure mutation {unknown}
 p - a potion of invisibility {unknown}
 t - a potion of flight {unknown}
Books
 z - a book of the Sky

   Spells                             Type                      Level
   Flight                             Charms/Air                   3
   Airstrike                          Air                          4
   Silence                            Hexes/Air                    5
   Deflect Missiles                   Charms/Air                   6
   Conjure Ball Lightning             Conjuration/Air              6
   Tornado                            Air                          9


   Skills:
 * Level 5.6 Fighting
 * Level 5.4 Maces & Flails
 * Level 6.8 Armour
 - Level 3.9 Shields


You had 6 spell levels left.
You didn't know any spells.

Dungeon Overview and Level Annotations

Branches:
Dungeon (5/15)
 Temple: D:4-7

Altars:
Dithmenos
Makhleb


Innate Abilities, Weirdness & Mutations

You reflexively headbutt those who attack you in melee.
You have a pair of horns on your head.


Message History

Something tries to affect you, but you resist.
You hit the orc.
You kill the orc!
You hear some strange, mumbled words.
You are confused.
You miss something.
You hear some strange, mumbled words.
The magic dart hits you!
* * * LOW HITPOINT WARNING * * *
The orc hits you with a whip.
* * * LOW HITPOINT WARNING * * *
Ouch! You hear some strange, mumbled words.
You are more confused.
The orc hits you with a whip.
* * * LOW HITPOINT WARNING * * *
Ouch! You hear some strange, mumbled words.
The puff of flame hits you!
You die...

# #.##.# # #
#.##.# ######.##.#
.......##.####
..#####......#####
..##..'......'...#
..##.##......###.#
#########
..##.##......# #.#
#.......#
.....#######.# #@#
#.......# ######
#.....# #.o...+
#.......# .#
#.##### ###...#
#.......# .# ...#
#........ .# ..#
###.####. .# . ###
#.# #. .#######.#
#.# #. ......##.#
#.####' ......##.#
#.#....


You could see an orc.

Vanquished Creatures
  A centaur (D:5)
  A scorpion (D:5)
  A crimson imp (D:5)
  A hound (D:5)
  A worker ant (D:4)
  An iguana (D:5)
  An orc priest (D:5)
  Jessica (D:3)
  4 gnolls (D:3)
  9 adders
  A shadow imp (D:5)
  5 worms
  An adder skeleton (D:5)
  2 oozes
  3 giant geckos
  3 orcs
  5 giant cockroaches
  11 goblins
  6 hobgoblins
  2 quokkas (D:3)
  A ball python (D:2)
  8 bats
  A giant gecko skeleton (D:4)
  A giant newt (D:2)
  10 jackals (D:2)
  4 kobolds
  9 rats
94 creatures vanquished.

Notes
Turn   | Place    | Note
--------------------------------------------------------------
     0 | D:1      | Heini, the Minotaur Fighter, began the quest for the Orb.
     0 | D:1      | Reached XP level 1. HP: 19/19 MP: 1/1
   273 | D:1      | Reached XP level 2. HP: 27/27 MP: 1/1
   379 | D:1      | Reached skill level 4 in Armour
   617 | D:2      | Found a burning altar of Makhleb.
  1114 | D:2      | Reached XP level 3. HP: 31/33 MP: 2/2
  1621 | D:3      | Reached XP level 4. HP: 40/40 MP: 2/2
  1711 | D:3      | Found a shadowy altar of Dithmenos.
  1733 | D:3      | Reached skill level 5 in Armour
  1965 | D:3      | Noticed Jessica
  1973 | D:3      | Killed Jessica
  2071 | D:3      | Reached XP level 5. HP: 47/47 MP: 2/2
  2870 | D:5      | Entered Level 5 of the Dungeon
  2887 | D:5      | Reached skill level 5 in Fighting
  2905 | D:5      | Reached skill level 6 in Armour
  2963 | D:5      | Reached XP level 6. HP: 38/56 MP: 3/3
  3019 | D:5      | Noticed a centaur
  3024 | D:5      | Killed a centaur
  3169 | D:5      | Reached skill level 5 in Maces & Flails
  3344 | D:5      | Reached XP level 7. HP: 37/61 MP: 3/3
  3355 | D:5      | Killed from afar by an orc wizard

Action                   |  1- 3 |  4- 6 |  7- 9 || total
-------------------------+-------+-------+-------++-------
Melee: Flail             |   114 |   153 |     9 ||   276
  Use: Scroll            |       |     7 |       ||     7
